 Dungeon Crawl Stone Soup version 0.22-a0-558-gc224181 (webtiles) character file.

18 pk666 the Magician (level 2, -7/15 HPs)
             Began as a Deep Elf Wizard on June 26, 2018.
             Killed from afar by Sigmund (13 damage)
             ... with a puff of flame
             ... on level 2 of the Dungeon.
             The game lasted 00:01:39 (761 turns).

pk666 the Magician (Deep Elf Wizard)                 Turns: 761, Time: 00:01:40

Health: -7/15      AC:  2    Str:  4    XL:     2   Next: 48%
Magic:  10/10      EV: 13    Int: 22    God:
Gold:   64         SH:  0    Dex: 13    Spells: 10/11 levels left

rFire    . . .     SeeInvis .   i - +0 dagger (venom)
rCold    . . .     Gourm    .   (no shield)
rNeg     . . .     Faith    .   a - +0 robe
rPois    +         Spirit   .   b - +0 hat
rElec    .         Reflect  .   (no cloak)
rCorr    .         Harm     .   (no gloves)
MR       .....                  (no boots)
Stlth    ++........             (no amulet)
HPRegen  0.05/turn              m - ring of poison resistance
MPRegen  0.12/turn              (no ring)

@: no status effects
A: no striking features
a: no special abilities


You were on level 2 of the Dungeon.
You were not hungry.

You visited 1 branch of the dungeon, and saw 2 of its levels.

You collected 64 gold pieces.

Inventory:

Hand Weapons
 i - a +0 dagger of venom (weapon)
Armour
 a - a +0 robe (worn)
 b - a +0 hat (worn)
Jewellery
 m - a ring of poison resistance (left hand)
Scrolls
 c - a scroll of immolation {unknown}
 g - a scroll of teleportation {unknown}
 h - a scroll of identify {unknown}
 j - 2 scrolls of remove curse {unknown}
Potions
 e - a potion of lignification {unknown}
 f - a potion of degeneration {unknown}
 k - a potion of heal wounds {unknown}
Comestibles
 d - 4 rations


   Skills:
 - Level 2.4 Dodging
 - Level 2.4 Stealth
 + Level 5.0 Spellcasting
 + Level 2.1 Conjurations
   Level 1.1 Summonings
   Level 1.1 Translocations


You had 10 spell levels left.
You knew the following spells:

 Your Spells              Type           Power        Failure   Level  Hunger
a - Magic Dart            Conj           ###.         4%          1    None

Your spell library contained the following spells:

 Spells                   Type           Power        Failure   Level  Hunger
 Conjure Flame            Conj/Fire      ##......     21%         3    ##.....
 Slow                     Hex            #.......     16%         2    None
 Mephitic Cloud           Conj/Pois/Air  #.......     22%         3    ##.....
 Blink                    Tloc           N/A          10%         2    None
 Call Imp                 Summ           ##......     10%         2    None


Dungeon Overview and Level Annotations

Branches:
Dungeon (1/15)

Altars:

Annotations:
D:2 Sigmund


Message History

a hunting sling; 11 stones Sigmund the Dreaded comes into view.
He is wielding a scythe.
Sigmund shouts!
Sigmund gestures at you while chanting. The puff of flame hits you!
Ouch! That really hurt!
Sigmund is nearby!
Sigmund barely misses you. Sigmund casts a spell at you.
You resist with significant effort. Sigmund casts a spell at you.
You resist with significant effort.
Things that are here:
a hunting sling; 11 stones You see here a stone.
You see here a spear.
Sigmund points at you and mumbles some strange words.
The puff of flame hits you!
Ouch! That really hurt!
You die...

#...##.##..# ##.#
#.......### ######.#
##.@###...# #.†....#
#..# ###@# #.#....##
##.## #.# ##
#####.#.##..###.##
#.# .
#.......##.#..(##
#@#
#.#.#.#..###...).#
#.#
..#.#.#.#>......@..#
#.#
...................#
#.#
..#.#.#.##.###.....#
## #.# ## #.#.##.#
#.....# #.##.# .
#......# #######
#.#.# # ###..###
#..# # ##.# #.### #
#.# #.# # #.# #.


You could see Sigmund.

Vanquished Creatures
  3 giant cockroaches
  2 hobgoblins (D:1)
  4 kobolds
  A quokka (D:2)
  2 bats
  2 frilled lizards (D:1)
  A goblin (D:2)
  2 rats
17 creatures vanquished.

Notes
Turn   | Place    | Note
-------+----------+-------------------------------------------
     0 | D:1      | pk666 the Deep Elf Wizard began the quest for the Orb.
     0 | D:1      | Reached XP level 1. HP: 10/10 MP: 7/7
   243 | D:1      | Reached XP level 2. HP: 15/15 MP: 2/9
   457 | D:1      | You fall through a shaft!
   649 | D:2      | Reached skill level 5 in Spellcasting
   739 | D:2      | Noticed Sigmund
   761 | D:2      | Killed from afar by Sigmund

Vault maps used:
D:1:      ebering_hopf_link
D:2:      uniq_sigmund

Skill      XL: |  1  2 |
---------------+-------+-----
Conjurations   | 2 |  2.1
Spellcasting   | 5 |  5.0
Dodging        | |  2.4
Stealth        | |  2.4
Summonings     | |  1.1
Translocations | |  1.1

Action                   || total
-------------------------++-------
Melee: Dagger            ||     1
 Cast: Magic Dart        ||    44
Armor: Robe              ||     1
Dodge: Dodged            ||     7

Table legend:
 A = Spawn XP
 B = Non-spawn XP
 C = Spawn XP percentage of total XP
 D = Spawn monster count
 E = Non-spawn monster count
 F = Spawn count percentage of total count
 G = Total turns spent on level
                    A         B        C        D         E        F      G
               +---------+---------+-------+---------+---------+-------+---------
         Total |       0 |      26 |   0.0 |       0 |      17 |   0.0 |   761
               +---------+---------+-------+---------+---------+-------+---------
           D:1 |       0 |      15 |   0.0 |       0 |      10 |   0.0 |   457
           D:2 |       0 |      11 |   0.0 |       0 |       7 |   0.0 |   304
               +---------+---------+-------+---------+---------+-------+---------
